 Dungeon Crawl Stone Soup version 0.21-a0-142-gdd972a7 (webtiles) character file.

25 Gorice the Grave Robber (level 2, 0/19 HPs)
             Began as a Demonspawn Necromancer on July 22, 2017.
             Slain by a white imp (3 damage)
             ... summoned by Natasha
             ... on level 2 of the Dungeon.
             The game lasted 00:03:57 (1214 turns).

Gorice the Grave Robber (Demonspawn Necromancer)    Turns: 1214, Time: 00:03:57

Health: 0/19       AC:  1    Str:  8    XL:     2   Next: 86%
Magic:  1/5        EV: 10    Int: 16    God:
Gold:   32         SH:  0    Dex: 13    Spells: 3/5 levels left

rFire    . . .     SeeInvis .   (no weapon)
rCold    . . .     Gourm    .   (no shield)
rNeg     . . .     Faith    .   a - +0 robe
rPois    .         Spirit   .   (no helmet)
rElec    .         Reflect  .   (no cloak)
rCorr    .         Harm     .   (no gloves)
MR       .....                  p - -2 pair of boots (curse)
Stlth    +++.......             (no amulet)
HPRegen  0.06/turn              Y - -2 ring of evasion (curse)
MPRegen  0.09/turn              (no ring)

@: very slightly contaminated, slowed, very slow
A: nightstalker 1
a: no special abilities


You were on level 2 of the Dungeon.
You were not hungry.

You visited 1 branch of the dungeon, and saw 2 of its levels.

You collected 32 gold pieces.

Inventory:

Hand Weapons
 n - a +0 whip
Missiles
 Z - 24 stones (quivered)
Armour
 a - a +0 robe (worn)
 p - a cursed -2 pair of boots (worn)
Jewellery
 g - an uncursed ring of fire
 l - an uncursed ring of ice
 Y - a cursed -2 ring of evasion (left hand)
Potions
 f - a potion of curing
 j - a potion of might {unknown}
 m - a potion of lignification {unknown}
 o - a potion of cancellation {unknown}
Books
 b - a book of Necromancy
Comestibles
 c - a bread ration {!e}
 h - 2 chunks of flesh
 q - 2 fruits


   Skills:
 - Level 1.7 Dodging
 - Level 1.7 Stealth
 - Level 2.0 Spellcasting
 * Level 5.4 Necromancy


You had 3 spell levels left.
You knew the following spells:

 Your Spells              Type           Power        Failure   Level  Hunger
a - Pain                  Necr           ###.         2%          1    #......
b - Animate Skeleton      Necr           N/A          2%          1    #......


Dungeon Overview and Level Annotations

Branches:
Dungeon (2/15)

Altars:

Annotations:
D:2 Natasha


Innate Abilities, Weirdness & Mutations

You are slightly more attuned to the shadows.


Message History

You are very lightly contaminated with residual magic.
You hear strange and distant voices.
Casting: Pain
Confirm with . or Enter, or press ? or * to list all spells.
Aiming: Pain
Press: ? - help, Shift-Dir - straight line, f/p - Natasha
Aim: Natasha (resting, chance to defeat MR: 78%) Natasha hisses angrily.
Natasha writhes in agony!
Damage: 1 (max 1)
Casting: Pain
Confirm with . or Enter, or press ? or * to list all spells.
Aiming: Pain
Press: ? - help, Shift-Dir - straight line, f/p - Natasha
Aim: Natasha (moderately wounded, chance to defeat MR: 78%) Natasha writhes in agony!
Natasha drinks a potion.
Natasha is healed!
Damage: 1 (max 1)
Casting: Pain
Confirm with . or Enter, or press ? or * to list all spells.
Aiming: Pain
Press: ? - help, Shift-Dir - straight line, f/p - Natasha
Aim: Natasha (lightly wounded, chance to defeat MR: 78%) Natasha writhes in agony!
Damage: 1 (max 1)
Casting: Pain
Confirm with . or Enter, or press ? or * to list all spells.
Aiming: Pain
Press: ? - help, Shift-Dir - straight line, f/p - Natasha
Aim: Natasha (heavily wounded, chance to defeat MR: 78%) Natasha writhes in agony!
Natasha casts a spell at you.
You feel yourself slow down.
Damage: 1 (max 1) Natasha casts a spell at you.
You feel as though you will be slow longer.
Natasha mumbles some strange words.
Natasha's front paws start to glow.
Natasha casts a spell.
The crimson imp laughs crazily.
Natasha mumbles some strange words.
The crimson imp blinks!
The white imp hits you. The white imp freezes you.
* * * LOW HITPOINT WARNING * * *
Damage: 7 (max 7) Natasha stares at you and mumbles some strange words.
The magic dart hits you!
* * * LOW HITPOINT WARNING * * *
There is a stone staircase leading up here.
Damage: 5 (max 7)
The white imp hits you.
You die...

..........#
..........#
..........#.#
#.......
#.####.#
####.####.#
#...h.....#
#.##5####.# #
#@......
######.#


You could see Natasha and a white imp.

Vanquished Creatures
  A leopard gecko (D:1)
  2 giant cockroaches (D:1)
  3 goblins (D:1)
  3 kobolds (D:1)
  4 bats (D:1)
  2 frilled lizards (D:1)
  2 rats (D:1)
17 creatures vanquished.

Vanquished Creatures (collateral kills)
  An ooze (D:1)
  2 bats (D:1)
3 creatures vanquished.

Vanquished Creatures (others)
  A goblin (D:1)
  A frilled lizard (D:1)
2 creatures vanquished.

Grand Total: 22 creatures vanquished

Notes
Turn   | Place    | Note
-------+----------+-------------------------------------------
     0 | D:1      | Gorice the Demonspawn Necromancer began the quest for the Orb.
     0 | D:1      | Reached XP level 1. HP: 13/13 MP: 3/3
    31 | D:1      | Learned a level 1 spell: Animate Skeleton
   517 | D:1      | Gained mutation: You are slightly more attuned to the shadows. [demonic ancestry]
   517 | D:1      | Reached XP level 2. HP: 17/19 MP: 1/5
   586 | D:1      | Reached skill level 5 in Necromancy
  1202 | D:2      | Noticed Natasha
  1211 | D:2      | Noticed a crimson imp
  1213 | D:2      | HP: 3/19 [Natasha/magic dart (5)]
  1214 | D:2      | Slain by a white imp

Vault maps used:
D:1:      shiori_arrival_oz
D:2:      uniq_robin, uniq_terence, uniq_natasha

Skill      XL: |  1  2 |
---------------+-------+-----
Necromancy     | 5 |  5.4
Dodging        | |  1.7
Stealth        | |  1.7
Spellcasting   | |  2.0

Action                   || total
-------------------------++-------
Melee: Unarmed           ||    13
 Cast: Pain              ||    39
       Animate Skeleton  ||    10
  Use: Scroll            ||     4
  Eat: Chunk             ||     2
Armor: Robe              ||    11
Dodge: Dodged            ||    17

Table legend:
 A = Turns spent in this place as a percentage of turns spent in the entire game.
 B = Non-inter-level travel turns spent in this place as a percentage of non-inter-level travel turns spent in the entire game.
 C = Inter-level travel turns spent in this place as a percentage of turns spent in this place.
 D = Turns resting spent in this place as a percentage of non-inter-level travel turns spent in this place.
 E = Turns spent auto-exploring this place as a percentage of non-inter-level travel turns spent in this place.
 F = Non-inter-level travel turns spent in this place divided by the number of levels of this place that you've seen.
                   A       B       C       D       E      F
               +-------+-------+-------+-------+-------+----------------------
         Total | 100.0 | 100.0 |   0.7 |  10.6 |   8.2 | 146.5
       Dungeon | 100.0 | 100.0 |   0.7 |  10.6 |   8.2 | 146.5
               +-------+-------+-------+-------+-------+----------------------

Vault maps used:
D:1:      shiori_arrival_oz
D:2:      uniq_robin, uniq_terence, uniq_natasha
